 Dungeon Crawl Stone Soup version 0.26.0-16-gc1dbca0489 (webtiles) character file.

Game seed: 18259908540013254858

102718 Demosthentine the Warrior (level 16, 0/138 HPs)
             Began as a Formicid Fighter on Jan 21, 2021.
             Was the Champion of Cheibriados.
             Slain by Anaumal's ghost (8 damage)
             ... on level 1 of the Orcish Mines.
             The game lasted 00:33:48 (25327 turns).

Demosthentine the Warrior (Formicid Fighter)       Turns: 25327, Time: 00:33:48

Health: 0/138      AC: 21    Str: 41    XL:     16   Next: 87%
Magic:  22/25      EV: 24    Int: 19    God:    Cheibriados [******]
Gold:   2154       SH: 16    Dex: 35    Spells: 15/15 levels left

rFire    + . .     SeeInvis +   I - +3 battleaxe (freeze)
rCold    + + +     Faith    .   c - +0 kite shield
rNeg     + . .     Spirit   .   j - +3 chain mail {rC+}
rPois    +         Reflect  .   (helmet unavailable)
rElec    +         Harm     .   h - +0 cloak
rCorr    .         Rampage  .   B - +0 pair of gloves of Odiprix {+Fly Dex+9}
Will     ++++.                  K - +0 pair of boots "Iduivuph" {rElec rC+ SInv}
Stlth    ..........             v - amulet of magic regeneration
HPRegen  0.33/turn              O - ring "Fieckuj" {*Slow rPois rC+ rN+ Will+++ Int-5}
MPRegen  0.44/turn              D - ring of protection from fire

@: mighty, studying Fighting, very slow
A: permanent stasis, dig shafts and tunnels, four strong arms, antennae 3
a: Dig, Shaft Self, Renounce Religion, Evoke Flight, Bend Time, Temporal
Distortion, Slouch, Step From Time


You were on level 1 of the Orcish Mines.
You worshipped Cheibriados.
Cheibriados was exalted by your worship.
You visited 4 branches of the dungeon, and saw 24 of its levels.
You visited the Abyss 1 time.
You also visited: Sewer, Bailey, Gauntlet, Ice Cave and Volcano.

You collected 3790 gold pieces.
You spent 1636 gold pieces at shops.

Inventory:

Hand Weapons
 I - a +3 battleaxe of freezing (weapon)
 L - a +0 battleaxe of flaming
Armour
 c - a +0 kite shield (worn)
 h - a +0 cloak (worn)
 j - a +3 chain mail of cold resistance (worn)
 B - the +0 pair of gloves of Odiprix (worn) {+Fly Dex+9}
   (You found it in a Gauntlet)

   It affects your dexterity (+9).
   It lets you fly.
 K - the +0 pair of boots "Iduivuph" (worn) {rElec rC+ SInv}
   (You found it in a Gauntlet)

   It protects you from cold.
   It insulates you from electricity.
   It lets you see invisible.
Jewellery
 e - an uncursed ring of ice
 q - an uncursed ring of resist corrosion
 v - an amulet of magic regeneration (around neck)
 D - a ring of protection from fire (right hand)
 O - the ring "Fieckuj" (left hand) {*Slow rPois rC+ rN+ Will+++ Int-5}
   (You found it on level 6 of the Lair of Beasts)

   [ring of protection from cold]

   It affects your intelligence (-5).
   It protects you from cold.
   It protects you from poison.
   It protects you from negative energy.
   It affects your willpower, your defense against some magical effects.
   It may slow you when you take damage.
Wands
 k - a wand of acid (2)
 F - a wand of paralysis (20)
 G - a wand of flame (22)
 H - a wand of iceblast (56)
Scrolls
 a - a scroll of acquirement
 g - 18 scrolls of remove curse
 n - 8 scrolls of fear
 t - 5 scrolls of fog
 J - 5 scrolls of identify
Potions
 d - 2 potions of might
 i - 6 potions of magic
 m - 7 potions of curing
 p - 9 potions of lignification
 s - 7 potions of mutation
 w - a potion of invisibility
 z - 6 potions of resistance
 C - 4 potions of attraction
 E - 2 potions of cancellation
Books
 b - a manual of Fighting


   Skills:
 + Level 16.1 Fighting
 + Level 13.1 Axes
 + Level 14.2 Armour
 + Level 11.9 Dodging
 - Level 9.0 Shields
 + Level 12.8 Invocations


You had 15 spell levels left.
You didn't know any spells.
Your spell library contained the following spells:

 Spells                   Type           Power        Failure   Level
 Apportation              Tloc           0%           45%         1
 Beastly Appendage        Tmut           0%           45%         1
 Magic Dart               Conj           0%           45%         1
 Summon Small Mammal      Summ           0%           45%         1
 Call Imp                 Summ           0%           58%         2
 Corpse Rot               Necr/Air       N/A          58%         2
 Searing Ray              Conj           0%           58%         2
 Sublimation of Blood     Necr           0%           58%         2
 Wereblood                Tmut           0%           58%         2
 Call Canine Familiar     Summ           0%           83%         3
 Confusing Touch          Hex            0%           83%         3
 Dazzling Flash           Conj/Hex       0%           83%         3
 Gell's Gravitas          Tloc           0%           83%         3
 Lesser Beckoning         Tloc           0%           83%         3
 Spider Form              Tmut/Pois      0%           83%         3
 Summon Guardian Golem    Hex/Summ       0%           83%         3
 Teleport Other           Tloc           0%           83%         3
 Tukima's Dance           Hex            0%           83%         3
 Dispel Undead            Necr           0%           99%         4
 Fulminant Prism          Conj/Hex       0%           99%         4
 Ice Form                 Ice/Tmut       0%           99%         4
 Iskenderun's Mystic Bla  Conj/Tloc      0%           99%         4
 Passage of Golubria      Tloc           N/A          99%         4
 Petrify                  Tmut/Erth      0%           99%         4
 Summon Ice Beast         Ice/Summ       0%           99%         4
 Summon Lightning Spire   Summ/Air       0%           99%         4
 Agony                    Necr           0%           100%        5
 Alistair's Intoxication  Tmut/Pois      0%           100%        5
 Blade Hands              Tmut           0%           100%        5
 Excruciating Wounds      Necr           0%           100%        5
 Irradiate                Conj/Tmut      0%           100%        5
 Metabolic Englaciation   Hex/Ice        0%           100%        5
 Yara's Violent Unravell  Hex/Tmut       0%           100%        5
 Freezing Cloud           Conj/Ice/Air   0%           100%        6
 Hydra Form               Tmut           0%           100%        6
 Invisibility             Hex            0%           100%        6
 Ozocubu's Refrigeration  Ice            0%           100%        6
 Simulacrum               Ice/Necr       0%           100%        6
 Statue Form              Tmut/Erth      0%           100%        6
 Dragon Form              Tmut           0%           100%        7
 Blink                    Tloc           Unusable     N/A         2

Dungeon Overview and Level Annotations

Branches:
Dungeon (15/15)            Temple (1/1) D:7            Lair (6/6) D:8
 Shoals (0/4) Lair:2        Snake (0/4) Lair:4        Slime (0/5) Lair:5
    Orc (2/2) D:12            Elf (0/3) Orc:2        Vaults (0/5) D:13
  Sewer (visited)          Bailey (visited)           IceCv (visited)
Volcano (visited)         Gauntlet (visited)
 Depths: D:15

Altars:
Ashenzari
Cheibriados
Dithmenos
Elyvilon
Fedhas
Gozag
Hepliaklqana
Kikubaaqudgha
Makhleb
Nemelex Xobeh
Okawaru
Qazlal
Ru
Sif Muna
Trog
Uskayaw
Vehumet
Wu Jian
Xom
Yredelemnul
Zin
The Shining One
Jiyva

Shops:
D:5 }   D:8 !   D:9 !   D:13 ?   Orc:1 *   Orc:2 *:*?

Annotations:
D:15 Josephine
Orc:1 Anaumal's ghost, journeyman TrFi


Innate Abilities, Weirdness & Mutations

You cannot be hasted, slowed, berserked, paralysed or teleported.
You can dig through walls and to a lower floor.
Your four strong arms can wield two-handed weapons with a shield.
You have a pair of large antennae on your head. (SInv)


Message History

You feel better. Anaumal's ghost completely misses you.
You can feel time thicken for a moment.
You kill the warg!
Cheibriados thoroughly appreciates the change of pace.
You block Anaumal's ghost's attack.
Unknown command.
Unknown command.
You slash Anaumal's ghost! You freeze Anaumal's ghost.
Anaumal's ghost is almost destroyed.
You block Anaumal's ghost's attack.
Unknown command.
You hit Anaumal's ghost.
Anaumal's ghost is almost destroyed.
Anaumal's ghost hits you!!
* * * LOW HITPOINT WARNING * * *
Unknown command.
You feel better.
Anaumal's ghost keens inconsolably.
Anaumal's ghost hits you!
You die...

##....## ###.............##
##.....# #######...#.#......##
##.#....###.8∩8.##....###.#...#
#........#...$...##....#####.##
##........#8$.8$.8#....## ##.##
#.#.......#!.$_$$∩#...## #...#
.....#.#..##.$..$##....## ##.##
#..........##''W##))....# ###
#..............)@..))...##
#..........).))))).......#
...........)............##
#...........).........###
......#...............#
.........#........#..##
##.#...............###
#.................##
##...............##


You could see Anaumal's ghost.

Vanquished Creatures
  Jorgrun (D:13)
  A frost giant (IceCv)
  A minotaur (Gauntlet)
  A dire elephant (Lair:6)
  Nessos (D:13)
  2 boulder beetles (Lair:4)
  A rakshasa (D:15)
  Fannar (Orc:1)
  Erolcha (Orc:1)
  7 hydras
  3 centaur warriors
  4 catoblepae (Lair:6)
  6 two-headed ogres
  A dancing weapon (Volcano)
  A deep troll shaman (Lair:6)
  5 death yaks
  An ogre mage (D:15)
  Urug (Orc:2)
  A fire crab (Lair:4)
  3 unseen horrors
  5 wizards (Volcano)
  3 orc knights
  3 cyclopes
  3 ugly things
  A deep elf mage (D:13)
  An ice statue (IceCv)
  A rust devil (Abyss:2)
  20 elephants
  5 black mambas
  5 toenail golems (Volcano)
  2 gargoyles
  19 cane toads
  A redback zombie (D:13)
  2 minotaur zombies (Gauntlet)
  A rime drake (Lair:2)
  12 komodo dragons
  19 polar bears
  6 trolls
  A harpy skeleton (D:15)
  5 hornets
  7 blink frogs
  A dream sheep (shapeshifter) (D:13)
  12 slime creatures
  A meliai zombie (D:8)
  A dream sheep (Lair:4)
  12 flying skulls (Gauntlet)
  Sigmund (D:4)
  A redback (shapeshifter) (D:14)
  54 yaks
  A shadow (D:12)
  2 water elementals (D:15)
  6 wraiths
  A ynoxinul (Abyss:2)
  16 humans (D:13)
  3 fire bats (Lair:5)
  8 wyverns
  3 basilisks
  3 nagas (Lair:4)
  3 wargs (Orc:1)
  2 swamp worms (Gauntlet)
  2 acid dragons
  A soldier ant (D:11)
  14 water moccasins
  25 orc warriors
  A meliai simulacrum (D:14)
  5 sky beasts
  An ice beast (D:11)
  3 black bears
  A necrophage (D:10)
  A hornet zombie (D:11)
  5 phantoms
  10 ogres
  34 wolves
  12 centaurs
  3 big kobolds
  Blork the orc (D:4)
  21 bullfrogs
  9 gnoll sergeants
  2 wyvern zombies
  A water moccasin skeleton (D:7)
  6 scorpions
  4 killer bees (D:13)
  18 wights
  A howler monkey (D:12)
  6 electric eels
  A bullfrog zombie (D:5)
  3 jellies
  4 centaur zombies
  12 hounds
  6 gnoll shamans (Bailey)
  21 orc priests
  3 centaur skeletons
  21 orc wizards
  2 bullfrog skeletons (D:10)
  5 iguanas
  Natasha (twice) (D:4)
  6 hell rats (Lair:6)
  8 worker ants
  A worker ant zombie (D:6)
  16 adders
  23 gnolls
  5 river rats (Sewer)
  5 white imps
  3 ufetubi (D:9)
  3 oozes (Sewer)
  2 adder skeletons
  4 worms
  2 dart slugs (D:1)
  6 leopard geckos
  89 orcs
  8 giant cockroaches
  7 goblins
  9 hobgoblins
  10 jackals
  5 quokkas
  15 ball pythons
  2 bats
  8 frilled lizards
  A jackal skeleton (D:6)
  17 kobolds
  A leopard gecko skeleton (D:7)
  33 rats
  A spectral orc (D:3)
  A bush (Lair:4)
854 creatures vanquished.

Vanquished Creatures (others)
  A sky beast (D:3)
  An orc (D:13)
  14 fungi
  57 plants
  A withered plant (Gauntlet)
74 creatures vanquished.

Grand Total: 928 creatures vanquished

Notes
Turn   | Place    | Note
-------+----------+-------------------------------------------
     0 | D:1      | Demosthentine the Formicid Fighter began the quest for the
                  | Orb.
     0 | D:1      | Reached XP level 1. HP: 18/18 MP: 1/1
    80 | D:1      | Reached XP level 2. HP: 22/24 MP: 2/2
   255 | D:1      | You fall into a shaft and drop 1 floor!
   326 | D:2      | Reached XP level 3. HP: 14/29 MP: 3/3
   346 | D:2      | Found a broken altar of Ashenzari.
   510 | D:1      | Found a glowing golden altar of the Shining One.
   807 | D:1      | You fall into a shaft and drop 1 floor!
   824 | D:2      | Reached skill level 1 in Dodging
   878 | D:2      | Reached XP level 4. HP: 31/37 MP: 4/4
  1434 | D:2      | Reached XP level 5. HP: 42/42 MP: 5/5
  1607 | D:3      | Found a basalt altar of Yredelemnul.
  1731 | D:3      | Reached skill level 4 in Fighting
  1882 | D:3      | Noticed a sky beast
  2011 | D:3      | Killed a sky beast
  2516 | D:4      | Noticed Sigmund
  2534 | D:4      | Killed Sigmund
  2535 | D:4      | Reached skill level 5 in Shields
  2535 | D:4      | Reached XP level 6. HP: 49/49 MP: 6/6
  2566 | D:4      | Reached XP level 7. HP: 55/55 MP: 7/7
  2681 | D:4      | Noticed Natasha
  2691 | D:4      | Killed Natasha
  2746 | D:4      | Noticed Natasha
  2757 | D:4      | Killed Natasha
  2862 | D:4      | Noticed Blork the orc
  2871 | D:4      | Killed Blork the orc
  2872 | D:4      | Reached skill level 5 in Armour
  3090 | D:4      | Found an ornate altar of the Wu Jian Council.
  3148 | D:5      | Entered Level 5 of the Dungeon
  3162 | D:5      | Reached skill level 5 in Fighting
  3191 | D:5      | Reached XP level 8. HP: 24/62 MP: 8/8
  3409 | D:5      | Found Reanet's Gadget Shop.
  3433 | D:5      | Found a glowing drain.
  3452 | Sewer    | Entered a sewer
  4245 | D:6      | Found a shimmering blue altar of Sif Muna.
  4371 | D:6      | Reached skill level 6 in Fighting
  4505 | D:6      | Reached skill level 5 in Axes
  4505 | D:6      | Reached XP level 9. HP: 57/69 MP: 9/9
  5048 | D:6      | Found a hazy altar of Hepliaklqana.
  5357 | D:7      | Found a staircase to the Ecumenical Temple.
  5398 | Temple   | Entered the Ecumenical Temple
  5550 | Temple   | Became a worshipper of Cheibriados the Contemplative
  5645 | D:7      | Found a sparkling altar of Nemelex Xobeh.
  6041 | D:7      | Reached * piety under Cheibriados
  6087 | D:7      | Reached skill level 7 in Fighting
  6400 | D:8      | Reached skill level 5 in Dodging
  6411 | D:8      | Found Rasitoits's Distillery.
  6431 | D:8      | Reached XP level 10. HP: 41/79 MP: 10/10
  6441 | D:8      | Bought a potion of heal wounds for 70 gold pieces
  6441 | D:8      | Bought a potion of curing for 42 gold pieces
  6441 | D:8      | Bought 2 potions of attraction for 84 gold pieces
  6441 | D:8      | Bought a potion of curing for 42 gold pieces
  6441 | D:8      | Bought a potion of curing for 42 gold pieces
  6441 | D:8      | Bought a potion of lignification for 42 gold pieces
  6697 | D:8      | Found a stormy altar of Qazlal.
  6801 | D:8      | Reached ** piety under Cheibriados
  6953 | D:8      | Found a staircase to the Lair.
  7448 | D:9      | You fall into a shaft and drop 3 floors!
  7677 | D:12     | Reached skill level 8 in Fighting
  7953 | D:12     | Noticed a red ugly thing
  7964 | D:12     | Killed a red ugly thing
  8194 | D:12     | Reached XP level 11. HP: 87/87 MP: 11/11
  8308 | D:11     | Reached *** piety under Cheibriados
  8343 | D:11     | Found a flagged portal.
  8392 | Bailey   | Entered a bailey
  8684 | Bailey   | Reached **** piety under Cheibriados
  8688 | Bailey   | Reached skill level 1 in Invocations
  9278 | D:10     | Entered Level 10 of the Dungeon
  9516 | D:9      | Reached ***** piety under Cheibriados
  9546 | D:9      | Noticed a five-headed hydra
  9557 | D:9      | Killed a two-headed hydra
  9558 | D:9      | Reached skill level 9 in Fighting
  9813 | D:9      | Found an opulent altar of Gozag.
  9991 | D:9      | Found Qoedwop's Distillery.
 10000 | D:9      | Bought 2 potions of curing for 90 gold pieces
 10000 | D:9      | Bought a potion of mutation for 120 gold pieces
 10000 | D:9      | Bought a potion of resistance for 150 gold pieces
 11137 | D:11     | Reached ****** piety under Cheibriados
 11647 | D:11     | Reached XP level 12. HP: 92/97 MP: 15/15
 11679 | D:11     | Found a stormy altar of Qazlal.
 11999 | D:11     | Noticed a two-headed ogre
 12006 | D:11     | Killed a two-headed ogre
 12198 | D:12     | Reached skill level 5 in Invocations
 12254 | D:12     | Noticed an eight-headed hydra
 12266 | D:12     | Killed a one-headed hydra
 12267 | D:12     | Reached skill level 10 in Fighting
 12267 | D:12     | Reached skill level 10 in Armour
 12691 | D:12     | Found a staircase to the Orcish Mines.
 12979 | D:13     | Found a gate to the Vaults.
 12979 | D:13     | Noticed a centaur warrior
 12979 | D:13     | Noticed a two-headed ogre
 12979 | D:13     | Noticed an unseen horror
 13076 | D:13     | Killed an unseen horror
 13086 | D:13     | Killed a centaur warrior
 13087 | D:13     | Noticed a soul eater
 13097 | D:13     | Killed a two-headed ogre
 13100 | D:13     | Reached XP level 13. HP: 14/104 MP: 9/18
 13637 | D:13     | Noticed Nessos
 13647 | D:13     | Killed Nessos
 13648 | D:13     | Reached skill level 11 in Fighting
 13662 | D:13     | Reached skill level 10 in Axes
 14247 | D:13     | Found Nixaebbu's Magic Scroll Shop.
 14698 | D:13     | Noticed a four-headed hydra
 14701 | D:13     | Killed a six-headed hydra
 14781 | D:13     | Noticed a centaur warrior
 14787 | D:13     | Killed a centaur warrior
 14788 | D:13     | Noticed Jorgrun
 14808 | D:13     | HP: 5/106 [Jorgrun/+0 vorpal quarterstaff (5)]
 14814 | D:13     | HP: 5/106 [Jorgrun/+0 vorpal quarterstaff (10)]
 14816 | D:13     | Killed Jorgrun
 15379 | D:13     | Bought a scroll of identify for 28 gold pieces
 15379 | D:13     | Bought a scroll of identify for 28 gold pieces
 15379 | D:13     | Bought a scroll of identify for 28 gold pieces
 15572 | D:14     | Found a gate leading to a gauntlet.
 15579 | D:14     | Noticed a centaur warrior
 15587 | D:14     | Killed a centaur warrior
 15588 | D:14     | Reached XP level 14. HP: 78/114 MP: 20/20
 15593 | Gauntlet | Entered a Gauntlet
 15593 | Gauntlet | Found a transporter.
 15593 | Gauntlet | Found a transporter.
 15728 | Gauntlet | Found a transporter.
 15729 | Gauntlet | Found a transporter.
 15737 | Gauntlet | Found a transporter.
 15741 | Gauntlet | Found a transporter.
 15750 | Gauntlet | Found a transporter.
 15765 | Gauntlet | Found a transporter.
 15779 | Gauntlet | Found a transporter.
 15783 | Gauntlet | Found a transporter.
 15785 | Gauntlet | Found a runed translucent gate.
 15785 | Gauntlet | Found a runed translucent gate.
 15785 | Gauntlet | Found a runed translucent gate.
 15791 | Gauntlet | Found a transporter.
 15795 | Gauntlet | Found a transporter.
 16062 | Gauntlet | Got a pair of bloodstained gloves
 16063 | Gauntlet | Identified a scroll of acquirement
 16063 | Gauntlet | Acquired a manual of Fighting
 16065 | Gauntlet | Identified the +0 pair of gloves of Odiprix {+Fly Dex+9}
                  | (You found it in a Gauntlet)
 16113 | Gauntlet | Noticed a minotaur
 16123 | Gauntlet | Killed a minotaur
 16124 | Gauntlet | Reached skill level 12 in Fighting
 16128 | Gauntlet | Got a pair of ichor-stained boots
 16306 | Gauntlet | Identified the cursed +0 pair of boots "Iduivuph" {rElec
                  | rC+ SInv} (You found it in a Gauntlet)
 16764 | D:15     | Entered Level 15 of the Dungeon
 16776 | D:15     | Reached skill level 10 in Dodging
 16875 | D:15     | Noticed Josephine
 16888 | D:15     | Reached skill level 10 in Invocations
 17363 | Lair:1   | Entered Level 1 of the Lair of Beasts
 17995 | Lair:2   | Reached skill level 13 in Fighting
 18053 | Lair:2   | Found a staircase to the Shoals.
 18078 | Lair:2   | Found a frozen archway.
 18092 | IceCv    | Entered an ice cave
 18354 | IceCv    | Reached XP level 15. HP: 124/124 MP: 22/22
 18628 | IceCv    | Noticed a frost giant
 18636 | IceCv    | Killed a frost giant
 19487 | Lair:3   | Reached skill level 14 in Fighting
 19717 | Lair:3   | Found a basalt altar of Yredelemnul.
 20071 | Lair:4   | Found a staircase to the Snake Pit.
 21292 | Lair:5   | Found a viscous altar of Jiyva.
 21292 | Lair:5   | Found a staircase to the Slime Pits.
 21386 | Lair:5   | Found a dark tunnel.
 21395 | Volcano  | Entered a volcano
 21607 | Volcano  | Cast into level 2 of the Abyss (a wizard)
 21655 | Abyss:2  | Found a broken altar of Ashenzari.
 21708 | Volcano  | Escaped the Abyss
 21711 | Volcano  | Reached XP level 16. HP: 134/134 MP: 24/24
 21841 | Volcano  | Reached skill level 15 in Fighting
 22610 | Lair:6   | Entered Level 6 of the Lair of Beasts
 23871 | Lair:6   | Found a glowing silver altar of Zin.
 24070 | Lair:6   | Got a smoking glass ring
 24259 | Lair:1   | Identified the ring "Fieckuj" {*Slow rPois rC+ rN+ Will+++
                  | Int-5} (You found it on level 6 of the Lair of Beasts)
 24436 | Orc:1    | Entered Level 1 of the Orcish Mines
 24507 | Orc:1    | Reached skill level 16 in Fighting
 24609 | Orc:2    | Entered Level 2 of the Orcish Mines
 24699 | Orc:2    | Found Homonig's Magic Scroll Shop.
 24709 | Orc:2    | Noticed Urug
 24726 | Orc:2    | Killed Urug
 24731 | Orc:2    | Found Vitieh's Book Shop.
 24764 | Orc:2    | Bought a scroll of acquirement for 780 gold pieces
 24764 | Orc:2    | Bought a scroll of identify for 30 gold pieces
 24764 | Orc:2    | Bought a scroll of identify for 30 gold pieces
 24764 | Orc:2    | Bought a scroll of identify for 30 gold pieces
 24770 | Orc:2    | Found a staircase to the Elven Halls.
 24780 | Orc:2    | Found Ecopyhoe's General Store.
 24788 | Orc:2    | Found Yrrepoh's General Store.
 24846 | Orc:1    | Found a runed translucent gate.
 24846 | Orc:1    | Found a runed translucent gate.
 24846 | Orc:1    | Found a runed translucent gate.
 24851 | Orc:1    | Found an opulent altar of Gozag.
 24853 | Orc:1    | Noticed Anaumal's ghost (journeyman TrFi)
 24858 | Orc:1    | Found Equmash's Assorted Antiques.
 25093 | Orc:1    | Noticed Erolcha
 25107 | Orc:1    | Killed Erolcha
 25197 | Orc:1    | Noticed Fannar
 25207 | Orc:1    | Killed Fannar
 25326 | Orc:1    | HP: 1/138 [Anaumal's ghost (25)]
 25327 | Orc:1    | Slain by Anaumal's ghost

Illustrated notes

Levels and vault maps discovered:
D:1:      minmay_arrival_radiant_lines, layout_loops_ring, tso_metal_star
D:2:      layout_rooms, nicolae_overflow_hidden_temple
D:3:      layout_loops_corners, yredelemnul_forgotten_temple_becter,
          corexii_leaking_fountain, lightli_corner_chamber
D:4:      layout_rooms, lemuel_coloured_pillars_altar, uniq_blork_the_orc,
          uniq_natasha, uniq_sigmund
D:5:      layout_basic, serial_shops, shop, cheibrodos_sewer_entry_drain
D:6:      layout_loops_cross, kennysheep_little_box, tgw_sif
D:7:      layout_loops_ring, lemuel_crystal_altar,
          minmay_temple_entry_gardened_gates
D:8:      layout_basic, lair_entry_dummy, serial_shops, shop, basic_altar,
          kennysheep_generic_room_10
D:9:      minmay_slanted_spiral_squares, layout_loops_corners,
          lemuel_doored_altar, serial_shops, shop
D:10:     layout_roguey, minmay_misc_feat_alley, evilmike_butchery
D:11:     layout_loops_ring, enter_bailey_5, nicolae_qazlal_eye_of_the_storm
D:12:     layout_basic
D:13:     layout_loops_corners, david_vaults_3, serial_shops,
          nicolae_shop_statue_plus, uniq_jorgrun, uniq_nessos
D:14:     layout_long_grid, gauntlet_entry_generic, minivault_26,
          serial_bayou_crossing
D:15:     grunt_enter_depths_giant_problem, layout_basic, lemuel_statue_altar,
          chequers_serial_rivers_small_b, lemuel_angel_altar, uniq_josephine,
          uniq_louise
Temple:   eino_temple_rhombus
Lair:1:   layout_misc_corridors, serial_bayou_shore_a
Lair:2:   layout_hall_layers, minmay_shoals_entry_centaurs,
          portal_ice_cave_entry_pillars_1
Lair:3:   layout_chaotic_city, basic_altar
Lair:4:   nzn_winding_woodlands_stair_cross [nzn_winding_woodlands_5x15_crooked,
          nzn_winding_woodlands_center_pierced_h,
          nzn_winding_woodlands_5x15_sawtooth, nzn_winding_woodlands_5x5_cross,
          nzn_winding_woodlands_hourglass,
          nzn_winding_woodlands_5x15_lazy_stream,
          nzn_winding_woodlands_center_triple_pond,
          nzn_winding_woodlands_5x15_zeroes], layout_loops_ring,
          minmay_snake_entry_guardpost_small, small_statue_intersection
Lair:5:   layout_hall_layers, slime_altar_1, nicolae_volcano_entry_batcave
Lair:6:   grunt_lair_end_beastmaster, layout_misc_corridors, basic_altar,
          grunt_megastairs_2
Orc:1:    layout_caves, ebering_ghost_gozag, uniq_fannar, uniq_erolcha
Orc:2:    st_orc_ogre_mass, layout_caves, serial_shops, shop,
          nicolae_shop_statue_plus, shop, shop, uniq_urug

Skill      XL: |  1  2  3  4  5  6  7  8  9 10 11 12 13 14 15 16 |
---------------+-------------------------------------------------+-----
Shields        | 4 5 6 7 9 |  9.0
Dodging        | 1 2 3 4 5 6 7 8 9 10 11 | 11.9
Armour         | 4 5 6 7 8 9 10 11 12 13 14 | 14.2
Fighting       | 4 5 6 7 8 9 10 11 13 14 16 | 16.1
Axes           | 3 4 5 6 7 8 9 10 11 12 13 | 13.1
Invocations    | 4 6 8 10 11 12 | 12.8

Action                   |  1- 3 |  4- 6 |  7- 9 | 10-12 | 13-15 | 16-18 || total
-------------------------+-------+-------+-------+-------+-------+-------++-------
Melee: War axe           |    99 |   124 |   418 |   398 |   168 |       ||  1207
       Battleaxe         |       |       |       |   171 |   594 |   305 ||  1070
Invok: Slouch            |       |       |       |     4 |     2 |     1 ||     7
       Step From Time    |       |       |       |       |     1 |       ||     1
 Abil: Dig               |     1 |     3 |       |       |     8 |       ||    12
Evoke: Wand              |       |       |       |       |     2 |       ||     2
  Use: Scroll            |       |    12 |     3 |    10 |     7 |     4 ||    36
       Potion            |       |       |     6 |     3 |    13 |     4 ||    26
 Stab: Sleeping          |       |       |       |       |     2 |       ||     2
       Distracted        |       |       |       |       |     1 |       ||     1
       Invisible         |       |       |       |       |     1 |       ||     1
       Petrified         |       |       |       |       |       |    13 ||    13
       Petrifying        |       |       |       |       |       |     1 ||     1
Armor: Scale mail        |    49 |    60 |   178 |   184 |   133 |    57 ||   661
       Chain mail        |       |       |       |       |       |    12 ||    12
Dodge: Dodged            |    24 |    64 |   192 |   360 |   522 |   222 ||  1384
Block: Kite shield       |    57 |    64 |   284 |   526 |   663 |   291 ||  1885
